 Dungeon Crawl Stone Soup version 0.24.0-10-g970556be89 (webtiles) character file.

Game seed: 10143444798167855987, levelgen mode: deterministic

16554 DavidChitty2 the Cleaver (level 12, -6/106 HPs)
             Began as a Minotaur Gladiator on Nov 2, 2019.
             Was the Champion of Okawaru.
             Killed from afar by an efreet (26 damage)
             ... with a bolt of fire
             ... in a volcano on Nov 3, 2019.
             The game lasted 00:17:16 (13458 turns).

DavidChitty2 the Cleaver (Minotaur Gladiator)      Turns: 13458, Time: 00:17:17

Health: -6/106     AC: 18    Str: 23    XL:     12   Next: 11%
Magic:  25/25      EV:  6    Int:  8    God:    Okawaru [******]
Gold:   171        SH: 19    Dex: 16    Spells: 11/11 levels left

rFire    . . .     SeeInvis .   a - +3 war axe
rCold    . . .     Gourm    .   n - +1 large shield
rNeg     . . .     Faith    .   c - +0 plate armour
rPois    +         Spirit   .   F - +1 hat {Int+3}
rElec    +         Reflect  .   (no cloak)
rCorr    .         Harm     .   (no gloves)
MR       .....                  C - +2 pair of boots {run}
Stlth    ..........             (no amulet)
HPRegen  0.27/turn              y - +3 ring of dexterity
MPRegen  0.19/turn              I - ring "Reokaub" {*Drain rElec rPois MP+9 Stlth-}

@: quick
A: retaliatory headbutt, horns 2
a: Heroism, Finesse, Renounce Religion


You were in a volcano.
You worshipped Okawaru.
Okawaru was exalted by your worship.
You were not hungry.

You visited 2 branches of the dungeon, and saw 11 of its levels.
You also visited: Sewer and Volcano.

You collected 678 gold pieces.
You spent 507 gold pieces at shops.

Inventory:

Hand Weapons
 a - a +3 war axe (weapon)
   (You took it off a wight on level 9 of the Dungeon)
 b - a +3 whip
   (You took it off a gnoll on level 5 of the Dungeon)
Missiles
 B - 10 curare-tipped darts (quivered) {!f}
 D - 5 throwing nets {!f}
Armour
 c - a +0 plate armour (worn)
   (You took it off an orc warrior on level 9 of the Dungeon)
 n - a +1 large shield (worn)
   (You found it on level 2 of the Dungeon)
 C - a +2 pair of boots of running (worn)
   (Okawaru gifted it to you on level 10 of the Dungeon)
 F - a +1 hat of intelligence (worn)
   (You took it off Gastronok on level 8 of the Dungeon)
Jewellery
 f - an uncursed amulet of magic regeneration {unknown}
   (You found it on level 9 of the Dungeon)
 y - a +3 ring of dexterity (left hand)
   (You found it on level 5 of the Dungeon)
 I - the ring "Reokaub" (right hand) {*Drain rElec rPois MP+9 Stlth-}
   (You bought it in a shop on level 9 of the Dungeon)

   [ring of attention]

   It insulates you from electricity.
   It protects you from poison.
   It affects your magic capacity (+9).
   It causes draining when unequipped.
   It makes you less stealthy.
Wands
 d - a wand of iceblast (12)
   (You found it on level 7 of the Dungeon)
 s - a wand of scattershot (10)
   (You found it on level 4 of the Dungeon)
 t - a wand of flame (39)
   (You found it on level 4 of the Dungeon)
 J - a wand of enslavement (4)
   (You found it on level 10 of the Dungeon)
Scrolls
 h - 8 scrolls of remove curse {@r2}
 i - 4 scrolls of fear
 r - 7 scrolls of teleportation {@r4}
Potions
 g - a potion of invisibility
 k - 6 potions of curing {@q1}
 l - 4 potions of brilliance {unknown}
 m - a potion of ambrosia
 o - 3 potions of agility
 p - 8 potions of degeneration {!q}
 q - 4 potions of haste {@q3}
 u - a potion of mutation {unknown}
 v - a potion of magic
 w - 2 potions of resistance {unknown}
 z - 4 potions of flight {unknown}
 A - 2 potions of cancellation
 E - a potion of lignification {!q}
Miscellaneous
 G - a phantom mirror
Comestibles
 e - 31 rations {!d}


   Skills:
 + Level 10.1 Fighting
 * Level 13.8 Axes
 - Level 2.0 Throwing
 + Level 9.7 Armour
 - Level 3.2 Dodging
 + Level 9.7 Shields
 + Level 7.9 Invocations


You had 11 spell levels left.
You didn't know any spells.
Your spell library contained the following spells:

 Spells                   Type           Power        Failure   Level  Hunger
 Infusion                 Chrm           #...         100%        1    ##.....
 Magic Dart               Conj           #...         100%        1    ##.....
 Blink                    Tloc           N/A          100%        2    ###....
 Call Imp                 Summ           #.......     100%        2    ###....
 Shroud of Golubria       Chrm/Tloc      #.....       100%        2    ###....
 Slow                     Hex            #.......     100%        2    ###....
 Song of Slaying          Chrm           #.......     100%        2    ###....
 Conjure Flame            Conj/Fire      #.......     100%        3    ####...
 Mephitic Cloud           Conj/Pois/Air  #.......     100%        3    ####...
 Regeneration             Chrm/Necr      #.........   100%        3    ####...
 Spectral Weapon          Hex/Chrm       #.......     100%        3    ####...


Dungeon Overview and Level Annotations

Branches:
Dungeon (10/15)            Temple (0/1) D:6            Lair (1/6) D:8
    Orc (0/2) D:10          Sewer (visited)         Volcano (1/1)

Altars:
Cheibriados
Dithmenos
Gozag
Makhleb
Okawaru
Qazlal
Ru
Trog
Uskayaw
Xom
Yredelemnul
Zin
The Shining One

Shops:
D:8 %   D:9 }:*=:

Annotations:
D:6 3 runed translucent doors, Lanoc's ghost, novice DsGl


Innate Abilities, Weirdness & Mutations

You reflexively headbutt those who attack you in melee.
You have a pair of horns on your head.


Message History

Okawaru accepts your kill. The efreet gestures at you.
The bolt of fire misses the fire elemental.
The bolt of fire hits the fire elemental.
The fire elemental completely resists.
The bolt of fire misses you.
You hit the fire elemental.
You headbutt the fire elemental, but do no damage.
You block the fire elemental's attack.
You slash the fire elemental! You headbutt the fire elemental!
You block the fire elemental's attack.
You slash the fire elemental!
You destroy the fire elemental!
Okawaru accepts your kill.
You closely miss the fire elemental. You block the fire elemental's attack.
The efreet gestures at you.
The bolt of fire misses the fire elemental.
The bolt of fire hits you! You block the fire elemental's attack.
You slice the fire elemental!! You block the fire elemental's attack.
You closely miss the fire elemental. The efreet gestures at you.
The bolt of fire hits the fire elemental.
The fire elemental completely resists.
The bolt of fire hits you!! The fire elemental hits you.
The fire elemental burns you!
You hit the fire elemental but do no damage.
You headbutt the fire elemental, but do no damage.
The fire elemental hits you. The fire elemental burns you!
The efreet gestures at you.
The fireball explodes!
The fireball engulfs the fire elemental.
The fire elemental completely resists.
The fireball engulfs the efreet.
The efreet completely resists.
The fireball engulfs you!!
* * * LOW HITPOINT WARNING * * *
You closely miss the fire elemental. You block the fire elemental's attack.
The fire elemental hits you. The fire elemental burns you!
* * * LOW HITPOINT WARNING * * *
You feel better. The fire elemental hits you. The fire elemental burns you!
* * * LOW HITPOINT WARNING * * *
You miss the fire elemental.
You headbutt the fire elemental, but do no damage.
You block the fire elemental's attack.
You hit the fire elemental.
Your headbutt misses the fire elemental.
The fire elemental hits you. The fire elemental burns you!
* * * LOW HITPOINT WARNING * * *
You hit the fire elemental but do no damage.
You block the fire elemental's attack. The efreet gestures at you.
The bolt of fire hits the fire elemental.
The fire elemental completely resists.
The bolt of fire hits you!!
You die...

§≈≈≈≈§≈.# +.....+ #.≈≈≈§§≈§ ≈≈
≈≈≈≈.# ○8_8. #.≈§§§≈≈§ ...
#.≈≈≈≈≈≈≈ #'###++###.≈≈≈≈≈≈≈
#.#......#.≈≈≈≈§≈§
#.#.######.≈≈§≈≈§≈ #R# #.≈§≈≈§≈≈
#E# #.≈§§≈§≈≈ #@# #.≈≈≈≈§≈≈ #.#
#.≈≈§§§§≈
#######'########§§§§≈≈≈≈
≈§≈≈§.§..........§§..≈§≈≈§≈≈≈ ≈
§§≈≈§≈≈≈≈§§≈≈§≈≈≈§§§§≈§≈≈§§≈≈≈
§§≈≈§≈≈§≈§§§§≈≈§≈≈§≈§≈§≈§≈≈≈≈§≈§≈
≈≈≈≈§§§≈≈§§§≈≈§§≈§≈§§§§≈§§≈§§≈§≈≈
≈≈≈§§≈≈≈≈§≈≈≈§≈≈≈≈≈§§≈≈≈§§§≈§§§§§
≈≈≈§§§≈§≈≈≈≈≈≈≈≈≈§≈≈≈≈≈≈≈≈§§≈§≈.§


You could see an efreet and a fire elemental.

Vanquished Creatures
  Gastronok (D:8)
  Erica (D:8)
  2 two-headed ogres
  An unseen horror (D:10)
  An elephant (D:8)
  A centaur skeleton (D:10)
  Psyche (D:9)
  3 trolls
  Prince Ribbit (D:5)
  4 hippogriffs
  Sigmund (D:4)
  A vampire (D:10)
  8 yaks (D:10)
  A wraith (D:10)
  2 fire bats (Volcano)
  4 hogs (D:7)
  2 fire elementals (Volcano)
  A human (D:7)
  2 wyverns
  A hungry ghost (D:7)
  A water moccasin (D:9)
  A porcupine (Lair:1)
  2 sky beasts
  4 orc warriors
  5 ogres
  A swamp drake (D:10)
  A black bear (D:10)
  4 ice beasts
  6 necrophages
  2 phantoms
  2 centaurs (D:7)
  2 crocodiles (D:8)
  A big kobold (D:10)
  9 bullfrogs
  A gnoll sergeant (D:9)
  3 killer bees (D:9)
  13 wights
  3 howler monkeys
  5 lava snakes (Volcano)
  3 crimson imps
  A bullfrog zombie (D:8)
  A quasit (D:9)
  4 centaur zombies
  2 jellies (D:10)
  7 orc priests
  A bullfrog skeleton (D:5)
  4 hounds
  4 iguanas
  8 worker ants
  6 orc wizards
  A hound zombie (D:10)
  2 mummies (D:10)
  2 howler monkey zombies
  2 worker ant zombies
  15 adders
  10 gnolls
  A river rat (D:5)
  2 shadow imps (D:6)
  An ooze (D:5)
  5 worms
  3 dart slugs
  8 leopard geckos
  44 orcs
  12 giant cockroaches
  7 goblins
  2 hobgoblins
  17 jackals
  9 kobolds
  6 quokkas
  5 ball pythons
  5 bats
  5 frilled lizards
  A leopard gecko zombie (D:7)
  10 rats
321 creatures vanquished.

Vanquished Creatures (others)
  A plant (Lair:1)
1 creature vanquished.

Grand Total: 322 creatures vanquished

Notes
Turn   | Place    | Note
-------+----------+-------------------------------------------
     0 | D:1      | DavidChitty2 the Minotaur Gladiator began the quest for the
                  | Orb.
     0 | D:1      | Reached XP level 1. HP: 18/18 MP: 0/0
   531 | D:1      | Reached skill level 4 in Axes
   587 | D:1      | Reached XP level 2. HP: 25/25 MP: 1/1
   803 | D:2      | Reached skill level 1 in Armour
  1111 | D:1      | Reached XP level 3. HP: 31/31 MP: 2/2
  1226 | D:1      | Reached skill level 1 in Shields
  1701 | D:2      | Reached XP level 4. HP: 38/38 MP: 3/3
  1747 | D:2      | Reached skill level 5 in Axes
  1772 | D:2      | Found a snail-covered altar of Cheibriados.
  2261 | D:2      | Reached XP level 5. HP: 38/45 MP: 4/4
  2303 | D:2      | Found an iron altar of Okawaru.
  2699 | D:2      | Became a worshipper of Warmaster Okawaru
  3411 | D:3      | Found a hide-covered altar of Uskayaw.
  3769 | D:4      | Found a glowing silver altar of Zin.
  3769 | D:4      | Found a shimmering altar of Xom.
  3769 | D:4      | Noticed an angel
  3864 | D:4      | Reached skill level 1 in Invocations
  3866 | D:4      | Reached XP level 6. HP: 34/52 MP: 5/5
  4127 | D:4      | Noticed Sigmund
  4149 | D:4      | Killed Sigmund
  4149 | D:4      | Reached skill level 6 in Axes
  4849 | D:4      | Found a glowing golden altar of the Shining One.
  5008 | D:4      | Found a shadowy altar of Dithmenos.
  5066 | D:4      | Found a basalt altar of Yredelemnul.
  5146 | D:5      | Entered Level 5 of the Dungeon
  5164 | D:5      | Found a glowing drain.
  5193 | Sewer    | Entered a sewer
  5508 | Sewer    | Reached XP level 7. HP: 51/60 MP: 7/7
  5609 | Sewer    | Reached * piety under Okawaru
  6005 | D:5      | Reached skill level 7 in Axes
  6141 | D:5      | Noticed Prince Ribbit
  6153 | D:5      | Killed Prince Ribbit
  6153 | D:5      | Reached skill level 5 in Fighting
  6388 | D:5      | Reached XP level 8. HP: 68/68 MP: 9/9
  6542 | D:5      | Reached ** piety under Okawaru
  6689 | D:5      | Reached skill level 8 in Axes
  6886 | D:6      | Found a staircase to the Ecumenical Temple.
  7057 | D:6      | Found a runed translucent gate.
  7058 | D:6      | Found a runed translucent gate.
  7092 | D:6      | Reached skill level 5 in Armour
  7115 | D:6      | Noticed a two-headed ogre
  7123 | D:6      | Killed a two-headed ogre
  7123 | D:6      | Reached *** piety under Okawaru
  7123 | D:6      | Received a gift from Okawaru
  7123 | D:6      | Reached skill level 9 in Axes
  7123 | D:6      | Reached skill level 5 in Shields
  7123 | D:6      | Reached XP level 9. HP: 4/75 MP: 7/11
  7519 | D:6      | Noticed Lanoc's ghost (novice DsGl)
  7530 | D:6      | Found a runed translucent gate.
  8015 | D:7      | Found a snail-covered altar of Cheibriados.
  8048 | D:7      | Reached skill level 10 in Axes
  8054 | D:7      | Reached **** piety under Okawaru
  8146 | D:7      | Reached skill level 5 in Invocations
  8380 | D:7      | Found a sacrificial altar of Ru.
  8589 | D:7      | Reached ***** piety under Okawaru
  8590 | D:7      | Reached XP level 10. HP: 53/86 MP: 11/13
  8845 | D:8      | Found a bloodstained altar of Trog.
  8856 | D:8      | Reached skill level 11 in Axes
  8857 | D:8      | Found a burning altar of Makhleb.
  8857 | D:8      | Found a stormy altar of Qazlal.
  8906 | D:8      | Noticed Erica
  8922 | D:8      | Killed Erica
  9346 | D:8      | Found Xolal's Food Shop.
  9395 | D:8      | Noticed Gastronok
  9413 | D:8      | Killed Gastronok
  9413 | D:8      | Received a gift from Okawaru
  9413 | D:8      | Reached skill level 12 in Axes
  9489 | D:8      | Found a staircase to the Lair.
  9489 | D:8      | Noticed an elephant
  9498 | D:8      | Killed an elephant
  9498 | D:8      | Received a gift from Okawaru
  9501 | D:8      | Reached XP level 11. HP: 71/95 MP: 11/14
  9673 | D:9      | Found Hioxuomp's Book Emporium.
  9900 | D:9      | Found Poomexigg's Gadget Emporium.
  9973 | D:9      | Found Faunaire's Book Emporium.
 10087 | D:9      | Found Ikhenaon's Jewellery Emporium.
 10116 | D:9      | Found an opulent altar of Gozag.
 10132 | D:9      | Bought the ring "Reokaub" {*Drain rElec rPois MP+9 Stlth-}
                  | for 507 gold pieces
 10206 | D:9      | Found Rujole Diri's Book Emporium.
 10224 | D:9      | Found Gozag's Platinum Reserve.
 10265 | D:9      | Received a gift from Okawaru
 10511 | D:9      | Noticed Psyche
 10524 | D:9      | Killed Psyche
 10868 | D:10     | Entered Level 10 of the Dungeon
 11014 | D:10     | Reached ****** piety under Okawaru
 11056 | D:10     | Received a gift from Okawaru
 11084 | D:10     | Reached skill level 13 in Axes
 11278 | D:10     | Noticed a two-headed ogre
 11287 | D:10     | Killed a two-headed ogre
 11291 | D:10     | Received a gift from Okawaru
 11325 | D:10     | Identified a +2 pair of boots of running (Okawaru gifted it
                  | to you on level 10 of the Dungeon)
 11499 | D:10     | Found a staircase to the Orcish Mines.
 11871 | D:10     | Killed an unseen horror
 12104 | D:10     | Reached XP level 12. HP: 90/106 MP: 16/16
 12106 | D:10     | Reached skill level 10 in Fighting
 12422 | D:8      | Upgraded the game from 0.24.0-7-gb3623d2c88 to
                  | 0.24.0-10-g970556be89
 12423 | Lair:1   | Entered Level 1 of the Lair of Beasts
 12509 | Lair:1   | Found a dark tunnel.
 12541 | Volcano  | Entered a volcano
 13438 | Volcano  | Found a burning altar of Makhleb.
 13458 | Volcano  | Killed from afar by an efreet

Levels and vault maps discovered:
D:1:      matt_arrival_los_fun, layout_loops_corners, hex_tiny
D:2:      layout_loops_cross, marbit_many_paths, lemuel_doored_altar
D:3:      layout_loops_corners, nicolae_overflow_hidden_temple,
          supply_closet_lemuel
D:4:      layout_layer_cave, grunt_temple_overflow_holy_war,
          grunt_temple_overflow_order_and_chaos_1, kennysheep_mini_moat,
          first_ration, uniq_sigmund
D:5:      layout_loops_ring, portal_sewer_entry_a, uniq_prince_ribbit1
D:6:      layout_loops_ring, minmay_temple_entry_gardened_gates,
          gammafunk_ghost_icy, minmay_three_doors
D:7:      layout_cave_pools, nicolae_ru_sacrificial_ziggurat, basic_altar,
          grunt_decor_resistance, grunt_livestock
D:8:      layout_basic, chequers_temple_overflow_statue_of_worship,
          david_lair_generic, serial_shops, kennysheep_mini, uniq_gastronok,
          uniq_erica
D:9:      layout_basic, serial_shops, nicolae_shop_waterfront, shop, shop,
          shop_fountains, shop, hangedman_decor_opposing,
          nicolae_gozag_zags_fifth_avenue, uniq_psyche
D:10:     layout_loops_ring, erik_orc_1, serial_undead, serial_undead_a,
          serial_undead_d, serial_undead_d, serial_undead_d, serial_undead_f,
          serial_undead_d, minmay_misc_feat_hallway, nicolae_twisting_strands,
          kennysheep_pointless_box
Lair:1:   layout_cave_pods, basic_altar, lightli_volcano_entry_magma_tube
Volcano:  volcano_lake [vl_original]

Skill      XL: |  1  2  3  4  5  6  7  8  9 10 11 12 |
---------------+-------------------------------------+-----
Axes           | 4 5 6 7 9 10 12 13 | 13.8
Armour         | 1 2 3 4 5 7 8 9 |  9.7
Fighting       | 3 4 5 6 7 8 9 10 | 10.1
Shields        | 1 2 3 4 5 6 8 9 |  9.7
Invocations    | 1 2 4 5 6 7 |  7.9
Throwing       | |  2.0
Dodging        | |  3.2

Action                   |  1- 3 |  4- 6 |  7- 9 | 10-12 || total
-------------------------+-------+-------+-------+-------++-------
Melee: War axe           |    57 |   164 |   230 |   479 ||   930
       Headbutt          |    10 |    23 |    68 |   128 ||   229
Invok: Heroism           |       |       |     2 |    11 ||    13
  Use: Scroll            |       |    10 |     5 |     6 ||    21
       Potion            |       |     1 |       |     4 ||     5
 Stab: Sleeping          |     1 |       |       |       ||     1
       Confused          |       |       |       |     3 ||     3
  Eat: Chunk             |     2 |     9 |     9 |    13 ||    33
       Ration            |       |     1 |     1 |     1 ||     3
Armor: Leather armour    |    17 |    18 |       |       ||    35
       Chain mail        |       |    51 |    80 |    72 ||   203
       Plate armour      |       |       |       |   119 ||   119
Dodge: Dodged            |    29 |    37 |    34 |    65 ||   165
Block: Large shield      |    46 |   124 |   203 |   400 ||   773
